 Dungeon Crawl Stone Soup version 0.22-a0-407-gb098539 (webtiles) character file.

32 wazuzu the Sneak (level 3, -5/31 HPs)
             Began as a Gnoll Assassin on May 9, 2018.
             Slain by Sigmund
             ... wielding a +0 scythe
              (9 damage)
             ... on level 2 of the Dungeon.
             The game lasted 00:02:10 (762 turns).

wazuzu the Sneak (Gnoll Assassin)                    Turns: 762, Time: 00:02:11

Health: -5/31      AC:  3    Str: 14    XL:     3   Next: 27%
Magic:  3/3        EV: 13    Int: 13    God:
Gold:   62         SH:  0    Dex: 16    Spells: 3/3 levels left

rFire    . . .     SeeInvis .   b - +0 blowgun
rCold    . . .     Gourm    .   (no shield)
rNeg     . . .     Faith    .   c - +0 robe
rPois    .         Spirit   .   (no helmet)
rElec    .         Reflect  .   d - +0 cloak
rCorr    .         Harm     .   (no gloves)
MR       .....                  (no boots)
Stlth    ++++......             (no amulet)
HPRegen  0.10/turn              (no ring)
MPRegen  0.08/turn              (no ring)

@: lethally poisoned (-5 -> -6)
A: distributed training, fangs 1, strong nose
a: no special abilities


You were on level 2 of the Dungeon.
You were not hungry.

You visited 1 branch of the dungeon, and saw 2 of its levels.

You collected 62 gold pieces.

Inventory:

Hand Weapons
 a - a +2 dagger
 b - a +0 blowgun (weapon)
Missiles
 e - 22 poisoned needles (quivered)
 f - 2 curare-tipped needles
Armour
 c - a +0 robe (worn)
 d - a +0 cloak (worn)
Scrolls
 h - 2 scrolls of identify {unknown}
 k - a scroll of amnesia {unknown}
 l - a scroll of enchant armour {unknown}
 m - a scroll of immolation {unknown}
 n - a scroll of enchant weapon {unknown}
Potions
 i - a potion of resistance {unknown}
 j - a potion of curing {unknown}
 o - 2 potions of might {unknown}
 p - a potion of haste {unknown}
Comestibles
 g - 3 rations


   Skills:
 + Level 4.5 Fighting
 + Level 4.5 Short Blades
 + Level 0.6 Long Blades
 + Level 0.6 Axes
 + Level 0.6 Maces & Flails
 + Level 0.6 Polearms
 + Level 0.6 Staves
 + Level 0.6 Slings
 + Level 0.6 Bows
 + Level 0.6 Crossbows
 + Level 4.5 Throwing
 + Level 0.6 Armour
 + Level 2.5 Dodging
 + Level 7.7 Stealth
 + Level 0.6 Shields
 + Level 0.6 Unarmed Combat
 + Level 0.6 Spellcasting
 + Level 0.4 Conjurations
 + Level 0.4 Hexes
 + Level 0.4 Charms
 + Level 0.4 Summonings
 + Level 0.4 Necromancy
 + Level 0.4 Translocations
 + Level 0.4 Transmutations
 + Level 0.4 Fire Magic
 + Level 0.4 Ice Magic
 + Level 0.4 Air Magic
 + Level 0.4 Earth Magic
 + Level 0.4 Poison Magic
 + Level 0.8 Invocations
 + Level 0.6 Evocations


You had 3 spell levels left.
You didn't know any spells.

Dungeon Overview and Level Annotations

Branches:
Dungeon (2/15)

Altars:

Annotations:
D:2 Sigmund


Innate Abilities, Weirdness & Mutations

Your experience applies equally to all skills.
You have very sharp teeth.
Your uncanny sense of smell can sniff out nearby items.


Message History

The puff of flame hits you!
* * * LOW HITPOINT WARNING * * *
Firing (i - inventory. (/) - cycle)
e - 25 poisoned needles (quivered)
Press: ? - help, Shift-Dir - straight line, f/p - Sigmund
Aim: Sigmund, wielding a scythe and wearing a robe You shoot a poisoned needle.
The poisoned needle hits Sigmund.
Sigmund completely misses you.
Firing (i - inventory. (/) - cycle)
e - 24 poisoned needles (quivered)
Press: ? - help, Shift-Dir - straight line, f/p - Sigmund
Aim: Sigmund, wielding a scythe and wearing a robe You shoot a poisoned needle.
The poisoned needle closely misses Sigmund.
Firing (i - inventory. (/) - cycle)
e - 23 poisoned needles (quivered)
Press: ? - help, Shift-Dir - straight line, f/p - Sigmund
Aim: Sigmund, wielding a scythe and wearing a robe You shoot a poisoned needle.
The poisoned needle closely misses Sigmund.
You feel sick.
Sigmund hits you from afar with a scythe!
You die...

=# .# . .# ..#
###.# #...##...#
#.....#######
##..#.##@.....@.#
..........#####.#
......##### #@#
..### #.# #.####
#....# #.##.#
####.# #..<.#
#.#### ..


You could see Sigmund.

Vanquished Creatures
  An adder (D:2)
  2 leopard geckos (D:1)
  2 goblins (D:1)
  4 hobgoblins (D:1)
  2 jackals (D:1)
  2 kobolds (D:1)
  4 frilled lizards (D:1)
  4 rats (D:1)
21 creatures vanquished.

Notes
Turn   | Place    | Note
-------+----------+-------------------------------------------
     0 | D:1      | wazuzu the Gnoll Assassin began the quest for the Orb.
     0 | D:1      | Reached XP level 1. HP: 20/20 MP: 1/1
   229 | D:1      | Reached XP level 2. HP: 20/26 MP: 2/2
   645 | D:1      | Reached XP level 3. HP: 31/31 MP: 3/3
   737 | D:2      | Noticed Sigmund
   762 | D:2      | Slain by Sigmund

Vault maps used:
D:1:      dpeg_arrival_tiny_k
D:2:      marbit_many_paths, first_ration, uniq_sigmund

Action                   || total
-------------------------++-------
Melee: Dagger            ||    49
       Bite              ||     3
 Fire: Blowgun           ||     4
 Stab: Sleeping          ||    10
Armor: Robe              ||     3
Dodge: Dodged            ||    24

Table legend:
 A = Spawn XP
 B = Non-spawn XP
 C = Spawn XP percentage of total XP
 D = Spawn monster count
 E = Non-spawn monster count
 F = Spawn count percentage of total count
 G = Total turns spent on level
                    A         B        C        D         E        F      G
               +---------+---------+-------+---------+---------+-------+---------
         Total |       0 |      47 |   0.0 |       0 |      21 |   0.0 |   762
               +---------+---------+-------+---------+---------+-------+---------
           D:1 |       0 |      34 |   0.0 |       0 |      20 |   0.0 |   723
           D:2 |       0 |      13 |   0.0 |       0 |       1 |   0.0 |    39
               +---------+---------+-------+---------+---------+-------+---------
